Map: Eternal Empire LE

Players

INnoVation

  • Race: Terran Terran
  • Spawn Location: 7:00

Astrea - Winner!

  • Race: Protoss Protoss
  • League: Master
  • Spawn Location: 1:00

Event: War Chest Team League

VOD

Have the link to the VOD?

Description

Time

  • Played on: Aug. 9, 2020, 6:48 a.m.
  • Length: 16:25
Show
View Real Time Build Order
Export as new Build Order

INnoVation Terran 

Build Orders: Reaper Expand 

Get SALT Encoding   

  12  0:00  SCV  
  13  0:12  SCV  
  14  0:17  Supply Depot  
  14  0:24  SCV  
  15  0:39  SCV  
  15  0:40  Barracks  
  16  0:44  Refinery  
  16  0:51  SCV  
  17  1:03  SCV  
  18  1:15  SCV  
  19  1:27  Reaper, Orbital Command  
  20  1:47  Command Center  
  20  1:52  Supply Depot  
  20  1:53  SCV  
  21  1:59  Marine  
  22  2:05  SCV  
  23  2:10  Factory  
  23  2:18  SCV  
  23  2:20  Bunker  
  23  2:22  Barracks Reactor  
  24  2:29  Refinery  
  24  2:30  SCV  
  25  2:42  SCV  
  26  2:54  SCV  
  27  2:59  Orbital Command  
  27  3:01  Hellion, Starport  
  27  3:02  Marine  
  27  3:04  Marine  
  31  3:09  SCV  
  32  3:21  SCV  
  32  3:22  Widow Mine  
  32  3:25  SCV  
  32  3:26  Marine x2  
  38  3:29  Supply Depot  
  38  3:37  SCV x2  
  38  3:38  Medivac  
  42  3:44  Widow Mine  
  42  3:47  Marine x2  
  46  3:52  SCV x2, Supply Depot  
  47  4:04  SCV x2  
  47  4:07  Factory Tech Lab  
  47  4:08  Starport Tech Lab  
  47  4:12  Marine x2  
  47  4:16  SCV x2  
  51  4:18  Supply Depot  
  51  4:22  Command Center  
  51  4:26  Siege Tank  
  51  4:29  SCV x2  
  56  4:31  Marine  
  56  4:33  Marine  
  56  4:35  Supply Depot  
  58  4:39  Raven  
  58  4:42  SCV x2  
  62  4:47  Barracks  
  62  4:49  Marine  
  62  4:50  Marine  
  64  4:55  SCV x2  
  64  4:58  Siege Tank  
  65  5:04  Refinery x2  
  63  5:07  SCV x2  
  63  5:11  Supply Depot, Marine, Barracks  
  63  5:13  Marine  
  67  5:19  SCV x2  
  69  5:26  Engineering Bay  
  69  5:27  Engineering Bay  
  69  5:31  SCV  
  69  5:32  SCV, Marine x2  
  69  5:35  Starport Reactor  
  73  5:36  Orbital Command  
  73  5:42  Stimpack  
  73  5:43  Factory Tech Lab  
  73  5:44  SCV x2  
  73  5:49  Barracks  
  75  5:54  Terran Infantry Weapons Level 1, Terran Infantry Armor Level 1  
  75  5:56  SCV  
  75  5:57  SCV, Orbital Command  
  77  6:00  Barracks  
  77  6:08  SCV  
  77  6:09  SCV  
  79  6:11  Siege Tank  
  79  6:13  Refinery  
  79  6:14  Combat Shield  
  82  6:19  Missile Turret, Refinery  
  82  6:21  SCV x2, Supply Depot  
  82  6:22  Supply Depot  
  82  6:23  SCV  
  85  6:27  Medivac  
  85  6:30  Medivac  
  89  6:35  SCV x3  
  89  6:38  Marauder x2  
  96  6:40  Barracks Reactor, Marine x2  
  101  6:47  SCV x3, Siege Tank  
  101  6:50  Supply Depot  
  101  6:52  Supply Depot  
  104  6:55  Missile Turret  
  104  7:01  Barracks Tech Lab  
  104  7:02  SCV x3  
  104  7:05  Armory  
  104  7:07  Missile Turret  
  107  7:09  Medivac  
  107  7:12  Medivac  
  107  7:14  SCV, Supply Depot  
  107  7:15  SCV x2  
  114  7:21  Missile Turret  
  114  7:22  Concussive Shells  
  114  7:27  Marauder x3  
  120  7:31  Marine x4  
  120  7:34  Siege Tank  
  127  7:41  Supply Depot x2  
  126  7:53  Command Center  
  126  7:55  Marauder x3, Marine x2  
  126  7:56  Marine x2  
  136  8:04  Terran Vehicle Weapons Level 1, Terran Infantry Armor Level 2, Terran Infantry Weapons Level 2  
  135  8:07  Supply Depot  
  135  8:10  Siege Tank  
  138  8:15  Medivac x2  
  141  8:24  Supply Depot  
  141  8:25  Supply Depot  
  141  8:26  Marauder  
  141  8:27  Marauder x2, Marine  
  147  8:28  Marine x3  
  150  8:39  SCV x3  
  153  8:42  Siege Tank  
  153  8:45  Marine x2  
  153  8:46  Marine x2  
  153  8:48  Marauder x3  
  166  8:54  SCV x3  
  169  9:04  Marine x4  
  169  9:09  Marauder x2  
  179  9:10  Marauder  
  179  9:12  SCV x3  
  179  9:14  Siege Tank  
  185  9:19  Unknown, Factory x2  
  185  9:24  SCV x3  
  185  9:31  Marauder x3  
  194  9:32  Marine x2  
  194  9:34  Planetary Fortress  
  196  9:40  Sensor Tower  
  196  9:42  Missile Turret  
  196  9:44  Missile Turret  
  196  9:47  Marine  
  196  9:54  Marine  
  196  10:07  Terran Vehicle Weapons Level 2  
  196  10:08  Factory Tech Lab  
  196  10:09  Factory Tech Lab  
  196  10:20  Terran Infantry Weapons Level 3, Terran Infantry Armor Level 3  
  196  10:34  Viking x2, Marine  
  196  10:35  Marauder x2, Siege Tank  
  196  10:36  Marine x3  
  196  10:37  Marauder  
  175  10:43  Siege Tank x2  
  180  10:52  Marine  
  180  10:54  Marine x3  
  180  10:56  Marauder x2  
  186  10:58  Marauder  
  155  11:07  Siege Tank  
  155  11:10  Marine  
  133  11:12  Medivac x2, Marine x3  
  133  11:18  Marauder x2  
  140  11:19  Ghost Academy, Barracks x2  
  140  11:20  Marauder, Barracks  
  140  11:25  Siege Tank x2  
  148  11:28  Marine  
  148  11:29  Missile Turret  
  148  11:30  Command Center, Marine x3  
  151  11:39  Marauder x2  
  155  11:42  Missile Turret  
  155  11:44  Sensor Tower  
  155  11:52  Marauder, Marine x4  
  164  11:54  Siege Tank  
  164  11:57  Siege Tank x2  
  164  12:00  Marauder x2  
  174  12:09  Barracks Tech Lab x2  
  174  12:10  Barracks Reactor, Enhanced Shockwaves  
  176  12:15  Marine  
  176  12:16  Marine x3  
  184  12:22  Medivac x2  
  192  12:30  Marauder  
  192  12:33  Marine x2  
  194  12:41  Unknown  
  194  12:42  Planetary Fortress  
  196  12:50  Unknown x2, Marauder x2  
  194  12:51  Marauder  
  194  12:53  SCV  
  194  12:55  Missile Turret  
  194  12:58  Unknown  
  193  13:01  Siege Tank x2  
  199  13:10  Unknown  
  199  13:12  Command Center  
  199  13:13  Terran Vehicle Weapons Level 3, Command Center  
  199  13:14  Hi-Sec Auto Tracking, Neosteel Armor  
  185  13:23  Missile Turret  
  175  13:39  Marauder x3, Marine x3  
  184  13:50  Medivac x2  
  176  14:04  Marauder x4, Marine x5  
  176  14:07  Unknown  
  176  14:08  Siege Tank  
  194  14:19  Siege Tank  
  194  14:20  Siege Tank  
  172  14:32  Marauder x3, Marine x3  
  172  14:33  Marine x2  
  172  14:35  Unknown  
  141  14:42  Siege Tank  
  141  14:44  Orbital Command  
  132  14:45  SCV  
  132  14:46  SCV x3  
  132  14:51  Siege Tank  
  132  14:52  Siege Tank  
  142  14:53  Unknown  
  142  14:54  Liberator x2  
  142  14:58  SCV, Marauder  
  151  15:01  Marauder, Marine  
  154  15:10  Missile Turret  
  154  15:12  Planetary Fortress  
  154  15:20  Marauder, Marine x2  
  154  15:21  Marauder x2, Marine x2  
  151  15:36  Marauder x2  
  151  15:37  Marine x2  
  151  15:41  Missile Turret  
  151  15:42  Marauder  
  157  15:46  Unknown  
  157  15:48  Siege Tank x2  
  163  15:52  SCV x2  
  163  15:53  SCV  
  163  15:56  Marauder x2  
  161  16:02  Marine x2  
  161  16:03  SCV x3  
Show
View Real Time Build Order
Export as new Build Order

Astrea Protoss - Winner!

Build Orders: 1 Gate Expand, Blink Stalkers 

Get SALT Encoding   

  12  0:00  Probe  
  13  0:12  Probe  
  14  0:16  Pylon  
  14  0:24  Probe (Chrono Boost)  
  16  0:36  Probe (Chrono Boost), Gateway  
  16  0:43  Probe (Chrono Boost)  
  16  0:46  Assimilator  
  17  0:51  Probe  
  18  1:03  Probe  
  19  1:15  Probe  
  20  1:23  Cybernetics Core  
  20  1:34  Nexus  
  20  1:36  Probe  
  21  1:42  Pylon  
  21  1:48  Probe  
  21  1:51  Assimilator  
  22  1:57  Adept (Chrono Boost)  
  22  2:00  Probe  
  25  2:02  Warp Gate  
  25  2:12  Probe  
  26  2:18  Stalker (Chrono Boost)  
  28  2:24  Probe  
  30  2:37  Probe (Chrono Boost)  
  30  2:38  Twilight Council  
  30  2:45  Stalker  
  30  2:47  Probe (Chrono Boost)  
  34  2:54  Probe (Chrono Boost)  
  34  2:56  Probe (Chrono Boost)  
  35  3:00  Probe (Chrono Boost)  
  35  3:01  Probe  
  37  3:08  Gateway  
  37  3:11  Blink (Chrono Boost)  
  38  3:12  Probe  
  38  3:13  Probe  
  39  3:24  Probe  
  39  3:25  Probe  
  39  3:26  Pylon  
  41  3:37  Probe x2  
  43  3:49  Probe x2  
  43  3:51  Stalker  
  47  4:01  Probe x2  
  47  4:02  Nexus  
  49  4:06  Sentry  
  49  4:09  Pylon  
  51  4:13  Probe  
  51  4:14  Probe  
  53  4:21  Assimilator  
  53  4:24  Forge  
  53  4:25  Probe  
  53  4:30  Stalker x2  
  59  4:31  Probe  
  59  4:37  Probe  
  60  4:43  Pylon  
  60  4:44  Probe, Gateway  
  61  4:46  Gateway  
  61  4:49  Probe  
  62  4:56  Robotics Facility  
  62  4:59  Protoss Ground Weapons Level 1 (Chrono Boost)  
  62  5:01  Probe x2  
  63  5:07  Charge  
  63  5:09  Sentry  
  63  5:13  Probe x2  
  63  5:14  Probe  
  68  5:22  Pylon  
  68  5:25  Probe  
  68  5:26  Probe x2  
  71  5:33  Stalker x2  
  75  5:37  Probe (Chrono Boost)  
  75  5:38  Probe (Chrono Boost)  
  78  5:42  Probe (Chrono Boost)  
  78  5:45  Stalker x2, Robotics Bay  
  78  5:48  Probe (Chrono Boost), Pylon  
  78  5:49  Probe (Chrono Boost)  
  84  5:52  Probe (Chrono Boost)  
  84  5:53  Probe x2 (Chrono Boost)  
  87  5:57  Assimilator  
  87  6:02  Probe  
  87  6:03  Probe  
  89  6:05  Probe  
  89  6:07  Stalker x2  
  89  6:10  Assimilator  
  94  6:11  Assimilator  
  94  6:12  Pylon, Observer  
  94  6:13  Pylon  
  94  6:14  Probe  
  96  6:20  Probe x2  
  98  6:26  Probe, Forge  
  98  6:28  Gateway  
  98  6:30  Colossus (Chrono Boost)  
  98  6:31  Gateway  
  99  6:38  Pylon  
  105  6:43  Gateway  
  105  6:47  Gateway  
  105  6:50  Pylon  
  105  6:54  Extended Thermal Lance, Protoss Ground Armor Level 1 (Chrono Boost)  
  105  6:57  Gateway  
  105  6:58  Gateway  
  105  7:02  Pylon x2  
  105  7:04  Sentry  
  107  7:09  Protoss Ground Weapons Level 2 (Chrono Boost), Zealot  
  107  7:10  Zealot x2  
  113  7:18  Pylon  
  113  7:19  Colossus (Chrono Boost)  
  119  7:30  Zealot x6  
  131  7:45  Templar Archives, Zealot  
  131  7:50  Pylon  
  132  8:02  Colossus (Chrono Boost)  
  138  8:12  Robotics Facility  
  138  8:14  Nexus  
  138  8:23  Pylon  
  130  8:27  Stalker x9  
  130  8:28  Stalker  
  143  8:34  Probe  
  131  8:42  Probe x2  
  131  8:48  Disruptor (Chrono Boost)  
  133  8:54  Sentry x2  
  133  8:55  Zealot x4  
  146  8:56  Zealot x2  
  146  8:58  High Templar x2  
  146  9:01  Archon  
  156  9:03  Protoss Ground Armor Level 2 (Chrono Boost)  
  156  9:06  Probe x3  
  156  9:09  Photon Cannon  
  159  9:15  Shield Battery, Photon Cannon, Disruptor (Chrono Boost)  
  162  9:28  Zealot x4  
  173  9:31  Disruptor (Chrono Boost)  
  173  9:37  Protoss Ground Weapons Level 3 (Chrono Boost)  
  173  9:41  Probe x4  
  173  9:43  Assimilator  
  173  9:44  Pylon, Assimilator  
  177  9:50  Disruptor (Chrono Boost)  
  180  9:53  Probe  
  179  10:03  Photon Cannon  
  179  10:05  Photon Cannon  
  179  10:08  Shield Battery  
  179  10:09  Dark Shrine  
  179  10:10  Shield Battery  
  182  10:15  Disruptor (Chrono Boost)  
  182  10:16  Disruptor (Chrono Boost)  
  185  10:24  Zealot x5  
  193  10:44  Zealot  
  193  10:47  Zealot x2  
  193  10:48  Zealot x7  
  192  11:03  Disruptor (Chrono Boost)  
  159  11:10  Disruptor (Chrono Boost)  
  153  11:13  Nexus  
  153  11:16  Pylon, Gravitic Drive, Observer  
  153  11:17  Pylon  
  153  11:25  Nexus  
  153  11:31  Shadow Stride (Chrono Boost), Protoss Ground Armor Level 3 (Chrono Boost)  
  153  11:38  Disruptor  
  153  11:39  Stalker x2  
  160  11:40  Stalker x5  
  163  12:12  Disruptor (Chrono Boost)  
  163  12:14  Pylon  
  166  12:16  Assimilator  
  166  12:19  Assimilator  
  166  12:21  Photon Cannon, Observer (Chrono Boost)  
  166  12:22  Photon Cannon  
  164  12:23  Shield Battery  
  164  12:24  Pylon  
  164  12:25  Pylon  
  164  12:26  Pylon, Dark Templar  
  166  12:31  Protoss Shields Level 1 (Chrono Boost)  
  166  12:33  Dark Templar  
  168  12:40  Photon Cannon  
  168  12:41  Probe x5, Photon Cannon  
  168  12:42  Photon Cannon  
  168  12:44  Shield Battery  
  173  12:47  Unknown  
  173  12:51  Disruptor x2  
  164  12:53  Probe  
  164  12:59  Dark Templar x2  
  164  13:00  Dark Templar x2  
  168  13:34  Dark Templar x8  
  179  13:57  Zealot  
  179  13:58  Zealot  
  183  14:04  Disruptor  
  186  14:12  Zealot x4  
  186  14:13  Zealot x3  
  200  14:18  Pylon x2  
  200  14:20  Gateway  
  200  14:21  Gateway  
  200  14:30  Zealot x3  
  184  14:36  Stalker x4  
  184  14:37  Stalker x3  
  173  14:47  Probe  
  173  14:48  Probe x4  
  178  14:53  Warp Prism (Chrono Boost)  
  183  15:00  Zealot x6, Nexus  
  183  15:03  Disruptor (Chrono Boost)  
  187  15:31  Dark Templar x6  
  187  16:13  Dark Templar x7  
  187  16:17  Dark Templar  
Tags
 
Add a new tag
Caveats
  • Supply blocks, unpowered buildings, or Contaminate may cause inaccurate times.
  • Supply counts are checked every 10 seconds.